Map: Orbital Shipyard

Players

ILLBdA - Winner!

  • Race: Protoss Protoss
  • League: Diamond

IlIlIlIlIl

  • Race: Protoss Protoss
  • League: Platinum

VOD

Have the link to the VOD?

Description

Time

  • Played on: Dec. 31, 2015, 9 p.m.
  • Length: 7:44
Show
View Real Time Build Order
Export as new Build Order

ILLBdA Protoss - Winner!

Build Orders:  

Get SALT Encoding   

  12  0:02  Probe (Chrono Boost)  
  13  0:12  Probe (Chrono Boost)  
  14  0:19  Pylon  
  14  0:23  Probe (Chrono Boost)  
  15  0:37  Probe (Chrono Boost)  
  15  0:40  Forge  
  16  0:47  Probe (Chrono Boost)  
  17  0:58  Probe (Chrono Boost)  
  18  1:08  Probe (Chrono Boost)  
  19  1:19  Probe (Chrono Boost)  
  19  1:22  Pylon  
  19  1:23  Pylon  
  19  1:24  Pylon  
  20  1:29  Probe (Chrono Boost)  
  21  1:40  Pylon, Photon Cannon  
  21  1:43  Photon Cannon  
  21  2:00  Photon Cannon  
  21  2:07  Pylon, Photon Cannon  
  21  2:08  Pylon  
  20  2:25  Probe (Chrono Boost)  
  20  2:36  Probe (Chrono Boost)  
  21  2:39  Gateway  
  21  2:41  Assimilator  
  21  2:42  Assimilator  
  21  2:46  Probe (Chrono Boost)  
  22  3:05  Probe (Chrono Boost)  
  23  3:13  Pylon  
  23  3:15  Probe (Chrono Boost)  
  24  3:26  Probe (Chrono Boost)  
  25  3:31  Photon Cannon  
  25  3:33  Photon Cannon  
  25  3:36  Cybernetics Core  
  25  3:38  Probe (Chrono Boost)  
  26  3:43  Photon Cannon  
  26  3:45  Photon Cannon  
  26  3:48  Probe (Chrono Boost)  
  26  3:49  Zealot (Chrono Boost)  
  29  4:00  Probe  
  30  4:04  Photon Cannon  
  30  4:07  Photon Cannon  
  30  4:13  Mothership Core  
  30  4:14  Warp Gate  
  32  4:26  Robotics Facility  
  32  4:28  Stalker (Chrono Boost)  
  33  4:57  Stalker (Chrono Boost), Pylon  
  35  5:01  Twilight Council  
  35  5:13  Observer  
  36  5:18  Nexus  
  36  5:30  Probe  
  36  5:32  Stalker (Chrono Boost)  
  39  5:38  Blink (Chrono Boost)  
  39  5:53  Gateway  
  39  5:56  Gateway  
  39  5:59  Observer  
  40  6:14  Probe  
  41  6:23  Stalker  
  43  6:29  Probe  
  44  6:36  Gateway, Pylon  
  44  6:41  Probe  
  45  6:49  Stalker  
  45  6:50  Stalker  
  49  6:56  Warp Prism (Chrono Boost)  
  51  7:04  Stalker  
  53  7:15  Stalker x2  
Show
View Real Time Build Order
Export as new Build Order

IlIlIlIlIl Protoss 

Build Orders:  

Get SALT Encoding   

  12  0:00  Probe (Chrono Boost)  
  13  0:11  Probe (Chrono Boost)  
  14  0:17  Pylon  
  14  0:22  Probe (Chrono Boost)  
  15  0:36  Gateway, Probe (Chrono Boost)  
  16  0:46  Probe (Chrono Boost)  
  16  0:47  Assimilator  
  17  0:53  Assimilator  
  18  0:57  Probe (Chrono Boost)  
  18  1:07  Probe (Chrono Boost)  
  19  1:18  Probe (Chrono Boost)  
  20  1:27  Cybernetics Core  
  20  1:28  Probe (Chrono Boost)  
  20  1:29  Zealot (Chrono Boost)  
  22  2:22  Stalker (Chrono Boost)  
  22  2:38  Pylon  
  22  2:41  Mothership Core, Pylon  
  23  2:45  Pylon  
  22  3:01  Warp Gate  
  22  3:03  Probe  
  22  3:15  Probe (Chrono Boost)  
  23  3:26  Probe (Chrono Boost)  
  23  3:36  Probe (Chrono Boost)  
  23  3:37  Stalker (Chrono Boost)  
  19  4:37  Nexus  
  17  5:51  Probe  
  18  6:13  Probe  
  19  6:24  Probe  
  19  6:26  Adept  
  19  6:27  Stargate  
  22  6:34  Probe  
  22  6:36  Assimilator  
  23  6:45  Probe  
  24  6:49  Assimilator  
  24  6:56  Probe  
  24  6:58  Pylon  
  23  7:02  Sentry  
  25  7:11  Probe  
  26  7:19  Pylon  
  26  7:23  Sentry  
Tags
 
Matchup
PvP
Replay Pack
me
Add a new tag
Caveats
  • Supply blocks, unpowered buildings, or Contaminate may cause inaccurate times.
  • Supply counts are checked every 10 seconds.